[ AOE2 MATCH · #507824653 ]
UnrankedDravidians vs Persians
Player's team · WIN
Rival team · LOSS
[ REPLAY ANALYSIS · EXTRACTED FROM THE RECORDED GAME ]
Feudal
11:43
Castle
22:03
Imperial
39:43
| APM avg | 86.9 |
| APM peak | 132 |
| eAPM avg | 39.3 |
| Villagers / military | 176 / 118 |
Focus
⚔️ 33.0% · 🌾 67.0%
Elephant Archer ×55 · Archer ×33 · Mangonel ×10 · Skirmisher ×8 · Monk ×6 · Militia ×6
Feudal
10:42
Castle
20:54
Imperial
—
| APM avg | 54.7 |
| APM peak | 81 |
| eAPM avg | 24.1 |
| Villagers / military | 129 / 104 |
Focus
⚔️ 37.7% · 🌾 62.3%
Skirmisher ×51 · Cavalry Archer ×24 · Knight ×19 · Archer ×4 · Militia ×3 · Camel Scout ×2
Match map
Initial resources + every placement click. Lines = walls · curves = elevation contours. ◆ gold · ⬟ stone · ● berries · ✦ relic · ◌ wall gap
Your base· Open — unwalled flank
JOLIAT's base· ✓ Closed at 20:54 · 38t walls · 2 gate(s)
Smoothed initial terrain · ◌ = detected wall gap · hover for details
Inputs per minute
— CO[M]BO - - JOLIAT
Build order — CO[M]BO
First 150 of 527 actions detected
| 0:01 | Queue | Villager (Male) |
| 0:01 | Queue | Villager (Male) |
| 0:01 | Queue | Villager (Male) |
| 0:02 | Queue | Villager (Male) |
| 0:02 | Queue | Villager (Male) |
| 0:03 | Build | House |
| 0:04 | Build | House |
| 1:23 | Queue | Villager (Male) |
| 2:00 | Build | Lumber Camp |
| 2:00 | Queue | Villager (Male) |
| 2:29 | Queue | Villager (Male) |
| 2:50 | Queue | Villager (Male) |
| 3:04 | Queue | Villager (Male) |
| 3:27 | Queue | Villager (Male) |
| 3:52 | Build | House |
| 4:06 | Queue | Villager (Male) |
| 4:06 | Queue | Villager (Male) |
| 4:29 | Queue | Villager (Male) |
| 4:44 | Build | Barracks |
| 4:58 | Queue | Villager (Male) |
| 5:00 | Queue | Villager (Male) |
| 5:20 | Queue | Villager (Male) |
| 5:28 | Build | House |
| 5:29 | Queue | Villager (Male) |
| 5:42 | Queue | Militia |
| 5:42 | Queue | Militia |
| 5:49 | Research | Loom |
| 6:07 | Queue | Militia |
| 6:19 | Queue | Villager (Male) |
| 6:30 | Queue | Villager (Male) |
| 6:39 | Queue | Villager (Male) |
| 6:45 | Build | Mill |
| 7:07 | Queue | Villager (Male) |
| 7:26 | Queue | Villager (Male) |
| 7:28 | Build | House |
| 7:36 | Queue | Villager (Male) |
| 8:05 | Build | Mining Camp |
| 8:33 | Queue | Villager (Male) |
| 8:36 | Build | Farm |
| 9:05 | Queue | Villager (Male) |
| 9:33 | Research | Feudal Age |
| 9:34 | Research | Feudal Age |
| 9:53 | Build | Farm |
| 9:56 | Build | Farm |
| 10:01 | Queue | Militia |
| 10:01 | Queue | Militia |
| 10:05 | Build | House |
| 10:07 | Build | House |
| 10:13 | Build | Palisade Wall |
| 10:23 | Queue | Militia |
| 10:44 | Queue | Villager (Male) |
| 10:48 | Build | Farm |
| 10:53 | Build | Farm |
| 11:16 | Queue | Villager (Male) |
| 11:43 | Age | Feudal Age |
| 11:45 | Research | Man-at-Arms (upgrade) |
| 11:49 | Build | Archery Range |
| 11:50 | Queue | Villager (Male) |
| 11:51 | Research | Double-Bit Axe |
| 11:52 | Research | Double-Bit Axe |
| 12:00 | Build | House |
| 12:07 | Build | Palisade Wall |
| 12:17 | Queue | Villager (Male) |
| 12:22 | Queue | Villager (Male) |
| 12:27 | Build | Farm |
| 12:32 | Queue | Archer |
| 12:34 | Queue | Villager (Male) |
| 12:40 | Queue | Archer |
| 12:54 | Queue | Villager (Male) |
| 13:02 | Build | Palisade Wall |
| 13:05 | Build | Palisade Wall |
| 13:11 | Build | Farm |
| 13:14 | Queue | Villager (Male) |
| 13:18 | Build | Blacksmith |
| 13:26 | Queue | Villager (Male) |
| 13:27 | Queue | Archer |
| 13:32 | Build | Palisade Wall |
| 13:33 | Queue | Villager (Male) |
| 13:35 | Build | Farm |
| 13:45 | Queue | Archer |
| 13:46 | Queue | Villager (Male) |
| 13:58 | Queue | Villager (Male) |
| 14:06 | Queue | Archer |
| 14:19 | Research | Fletching |
| 14:19 | Research | Fletching |
| 14:19 | Queue | Villager (Male) |
| 14:20 | Queue | Villager (Male) |
| 14:23 | Build | House |
| 14:26 | Build | Palisade Wall |
| 14:37 | Queue | Archer |
| 14:45 | Queue | Villager (Male) |
| 14:50 | Queue | Villager (Male) |
| 14:59 | Queue | Archer |
| 15:01 | Build | Lumber Camp |
| 15:02 | Queue | Villager (Male) |
| 15:15 | Build | Farm |
| 15:22 | Queue | Villager (Male) |
| 15:50 | Queue | Villager (Male) |
| 15:51 | Build | Farm |
| 15:54 | Build | Farm |
| 15:55 | Build | Farm |
| 16:06 | Research | Padded Archer Armor |
| 16:06 | Queue | Archer |
| 16:10 | Queue | Villager (Male) |
| 16:11 | Queue | Villager (Male) |
| 16:14 | Build | Palisade Wall |
| 16:33 | Queue | Villager (Male) |
| 16:36 | Build | House |
| 16:38 | Build | House |
| 16:47 | Queue | Archer |
| 16:48 | Queue | Villager (Male) |
| 16:52 | Build | Palisade Wall |
| 17:01 | Build | Farm |
| 17:03 | Build | Farm |
| 17:05 | Build | Farm |
| 17:19 | Queue | Archer |
| 17:22 | Build | Farm |
| 17:50 | Queue | Villager (Male) |
| 17:55 | Build | Market |
| 18:00 | Queue | Archer |
| 18:37 | Queue | Villager (Male) |
| 18:38 | Build | Farm |
| 18:39 | Build | Farm |
| 18:41 | Build | Farm |
| 18:42 | Build | Farm |
| 18:45 | Build | Farm |
| 19:17 | Build | Farm |
| 19:23 | Research | Castle Age |
| 19:34 | Research | Arson |
| 19:34 | Research | Arson |
| 19:47 | Queue | Archer |
| 19:47 | Queue | Archer |
| 20:21 | Queue | Archer |
| 20:44 | Queue | Archer |
| 21:02 | Build | Farm |
| 21:03 | Build | Farm |
| 21:05 | Research | Horse Collar |
| 21:11 | Build | Archery Range |
| 21:29 | Queue | Villager (Male) |
| 22:02 | Queue | Villager (Male) |
| 22:03 | Age | Castle Age |
| 22:07 | Build | Siege Workshop |
| 22:08 | Research | Crossbowman (upgrade) |
| 22:08 | Research | Bodkin Arrow |
| 22:09 | Research | Bodkin Arrow |
| 22:09 | Research | Bodkin Arrow |
| 22:13 | Research | Bow Saw |
| 22:13 | Research | Bow Saw |
| 22:14 | Queue | Villager (Male) |
| 22:15 | Queue | Villager (Male) |
Build order — JOLIAT
First 150 of 370 actions detected
| 0:02 | Queue | Villager (Male) |
| 0:03 | Build | House |
| 0:06 | Build | Barracks |
| 0:13 | Queue | Villager (Male) |
| 0:14 | Queue | Villager (Male) |
| 0:14 | Queue | Villager (Male) |
| 0:23 | Queue | Villager (Male) |
| 0:23 | Queue | Villager (Male) |
| 0:37 | Build | House |
| 0:46 | Build | House |
| 1:05 | Queue | Militia |
| 1:08 | Research | Loom |
| 1:36 | Build | House |
| 1:43 | Queue | Militia |
| 2:08 | Queue | Villager (Male) |
| 2:08 | Queue | Villager (Male) |
| 2:25 | Queue | Villager (Male) |
| 2:25 | Queue | Villager (Male) |
| 2:43 | Queue | Villager (Male) |
| 2:44 | Queue | Villager (Male) |
| 3:05 | Queue | Villager (Male) |
| 3:39 | Queue | Villager (Male) |
| 3:40 | Queue | Villager (Male) |
| 4:00 | Queue | Villager (Male) |
| 4:00 | Queue | Villager (Male) |
| 4:26 | Queue | Villager (Male) |
| 4:26 | Queue | Villager (Male) |
| 4:35 | Queue | Villager (Male) |
| 5:04 | Queue | Villager (Male) |
| 5:04 | Queue | Villager (Male) |
| 5:22 | Build | House |
| 5:25 | Build | Mill |
| 5:37 | Build | Lumber Camp |
| 5:43 | Queue | Villager (Male) |
| 5:43 | Queue | Villager (Male) |
| 6:20 | Queue | Villager (Male) |
| 6:29 | Queue | Villager (Male) |
| 6:32 | Queue | Villager (Male) |
| 6:49 | Queue | Villager (Male) |
| 6:59 | Build | Mill |
| 7:09 | Queue | Villager (Male) |
| 8:15 | Build | Mining Camp |
| 8:38 | Research | Feudal Age |
| 8:38 | Research | Feudal Age |
| 9:17 | Queue | Militia |
| 9:27 | Build | House |
| 9:29 | Build | House |
| 10:10 | Build | Palisade Wall |
| 10:12 | Build | Palisade Wall |
| 10:23 | Build | Palisade Wall |
| 10:33 | Queue | Villager (Male) |
| 10:42 | Age | Feudal Age |
| 10:44 | Research | Man-at-Arms (upgrade) |
| 10:44 | Research | Double-Bit Axe |
| 10:48 | Build | Archery Range |
| 11:03 | Queue | Villager (Male) |
| 11:11 | Build | Farm |
| 11:32 | Queue | Archer |
| 11:36 | Queue | Villager (Male) |
| 11:53 | Build | Farm |
| 11:54 | Build | Farm |
| 11:55 | Build | Farm |
| 11:57 | Build | Farm |
| 11:59 | Build | House |
| 12:01 | Build | Palisade Gate |
| 12:02 | Queue | Villager (Male) |
| 12:17 | Queue | Archer |
| 12:26 | Build | Farm |
| 12:27 | Queue | Villager (Male) |
| 12:28 | Queue | Villager (Male) |
| 12:51 | Build | Farm |
| 12:52 | Queue | Villager (Male) |
| 13:02 | Queue | Villager (Male) |
| 13:03 | Queue | Archer |
| 13:13 | Build | House |
| 13:17 | Queue | Villager (Male) |
| 13:26 | Build | Palisade Wall |
| 13:28 | Build | Palisade Wall |
| 13:36 | Build | Palisade Wall |
| 13:38 | Build | Palisade Wall |
| 13:43 | Build | Palisade Wall |
| 13:48 | Build | House |
| 13:49 | Build | Palisade Wall |
| 13:53 | Build | Palisade Wall |
| 13:54 | Build | Palisade Wall |
| 13:57 | Queue | Villager (Male) |
| 14:00 | Build | Archery Range |
| 14:03 | Build | Archery Range |
| 14:06 | Build | Palisade Gate |
| 14:09 | Build | House |
| 14:12 | Build | Archery Range |
| 14:21 | Queue | Archer |
| 14:22 | Queue | Villager (Male) |
| 14:26 | Queue | Villager (Male) |
| 14:42 | Build | Palisade Wall |
| 15:03 | Build | Farm |
| 15:06 | Build | Farm |
| 15:10 | Queue | Villager (Male) |
| 15:20 | Build | Farm |
| 15:20 | Queue | Villager (Male) |
| 15:24 | Queue | Villager (Male) |
| 15:40 | Build | Farm |
| 15:42 | Queue | Villager (Male) |
| 16:01 | Queue | Villager (Male) |
| 16:08 | Build | Farm |
| 16:12 | Queue | Villager (Male) |
| 16:58 | Build | Market |
| 17:07 | Build | Farm |
| 17:10 | Build | Farm |
| 17:21 | Queue | Skirmisher |
| 17:21 | Queue | Skirmisher |
| 17:43 | Queue | Villager (Male) |
| 17:44 | Queue | Villager (Male) |
| 18:20 | Research | Castle Age |
| 18:28 | Build | Blacksmith |
| 18:43 | Build | Lumber Camp |
| 18:49 | Queue | Skirmisher |
| 18:53 | Queue | Skirmisher |
| 18:54 | Queue | Skirmisher |
| 19:07 | Research | Fletching |
| 19:18 | Queue | Skirmisher |
| 19:18 | Queue | Skirmisher |
| 19:25 | Build | Farm |
| 19:34 | Queue | Villager (Male) |
| 20:13 | Queue | Skirmisher |
| 20:14 | Queue | Skirmisher |
| 20:30 | Build | Farm |
| 20:50 | Queue | Skirmisher |
| 20:50 | Queue | Skirmisher |
| 20:54 | Age | Castle Age |
| 20:59 | Research | Elite Skirmisher (upgrade) |
| 20:59 | Research | Elite Skirmisher (upgrade) |
| 21:04 | Queue | Villager (Male) |
| 21:09 | Research | Bow Saw |
| 21:27 | Queue | Cavalry Archer |
| 21:28 | Queue | Cavalry Archer |
| 21:32 | Research | Bodkin Arrow |
| 21:37 | Queue | Cavalry Archer |
| 21:39 | Queue | Villager (Male) |
| 21:45 | Queue | Villager (Male) |
| 22:08 | Queue | Villager (Male) |
| 22:14 | Build | University |
| 22:18 | Queue | Cavalry Archer |
| 22:19 | Queue | Cavalry Archer |
| 22:25 | Queue | Villager (Male) |
| 22:30 | Queue | Villager (Male) |
| 22:40 | Research | Padded Archer Armor |
| 22:44 | Queue | Villager (Male) |
| 22:49 | Build | House |
| 23:12 | Research | Ballistics |
Match timeline
| 0:06 | JOLIAT · first_building Barracks |
| 4:44 | CO[M]BO · first_building Barracks |
| 10:10 | JOLIAT · wall_segment Palisade Wall x1 |
| 10:12 | JOLIAT · wall_segment Palisade Wall x1 |
| 10:13 | CO[M]BO · wall_segment Palisade Wall x8 |
| 10:23 | JOLIAT · wall_segment Palisade Wall x1 |
| 10:42 | JOLIAT · age_up feudal |
| 10:48 | JOLIAT · first_building Archery Range |
| 11:43 | CO[M]BO · age_up feudal |
| 11:49 | CO[M]BO · first_building Archery Range |
| 12:07 | CO[M]BO · wall_segment Palisade Wall x1 |
| 13:02 | CO[M]BO · wall_segment Palisade Wall x1 |
| 13:05 | CO[M]BO · wall_segment Palisade Wall x1 |
| 13:26 | JOLIAT · wall_segment Palisade Wall x1 |
| 13:28 | JOLIAT · wall_segment Palisade Wall x5 |
| 13:32 | CO[M]BO · wall_segment Palisade Wall x1 |
| 13:36 | JOLIAT · wall_segment Palisade Wall x4 |
| 13:38 | JOLIAT · wall_segment Palisade Wall x9 |
| 13:43 | JOLIAT · wall_segment Palisade Wall x7 |
| 13:49 | JOLIAT · wall_segment Palisade Wall x2 |
| 13:53 | JOLIAT · wall_segment Palisade Wall x1 |
| 13:54 | JOLIAT · wall_segment Palisade Wall x2 |
| 14:26 | CO[M]BO · wall_segment Palisade Wall x18 |
| 14:42 | JOLIAT · wall_segment Palisade Wall x6 |
| 16:14 | CO[M]BO · wall_segment Palisade Wall x1 |
| 16:52 | CO[M]BO · wall_segment Palisade Wall x5 |
| 18:19 | JOLIAT · first_market_buy 100 food |
| 19:20 | CO[M]BO · first_market_buy 100 food |
| 19:21 | CO[M]BO · first_market_sell 100 wood |
| 20:54 | JOLIAT · age_up castle |
| 22:03 | CO[M]BO · age_up castle |
| 22:07 | CO[M]BO · first_building Siege Workshop |
| 23:16 | CO[M]BO · first_building Monastery |
| 23:40 | JOLIAT · first_building Stable |
| 28:05 | JOLIAT · first_building Siege Workshop |
| 32:28 | CO[M]BO · first_building Stable |
| 39:43 | CO[M]BO · age_up imperial |
| 41:17 | CO[M]BO · first_building Castle |
| 43:28 | JOLIAT · resign |
[ AI ANALYSIS · 1 CREDIT ]
What really happened in this match?
Wolo.gg analyzes every decision: build order, eco, micro, common mistakes by bracket. Personalized analysis on WhatsApp or Discord in 30 seconds.
Civ guide
Dravidians
Perfil
CO[M]BO